 Dungeon Crawl Stone Soup version 0.19.5 (webtiles) character file.

7051 Azzok the Fighter (level 10, -2/97 HPs)
             Began as a Minotaur Fighter on July 17, 2017.
             Was an Elder of Okawaru.
             Succumbed to an orc wizard's poison
             ... on level 10 of the Dungeon.
             The game lasted 00:17:07 (11297 turns).

Azzok the Fighter (Minotaur Fighter)               Turns: 11297, Time: 00:17:08

Health: -2/97      AC: 17    Str: 22    XL:     10   Next: 83%
Magic:  15/15      EV:  6    Int:  5    God:    Okawaru [****..]
Gold:   583        SH:  9    Dex: 12    Spells: 0 memorised, 9 levels left

rFire  . . .     SeeInvis .     a - +1 short sword (venom)
rCold  . . .     Gourm    .     N - +0 plate armour
rNeg   . . .     Faith    .     c - +0 shield
rPois  .         Spirit   .     (helmet restricted)
rElec  .         Reflect  .     t - +1 cloak {MR+}
rCorr  .         Harm     .     (no gloves)
MR     +....                    (no boots)
Stlth  ..........               (no amulet)
                                A - +4 ring of protection
                                z - +2 ring of evasion

@: lethally poisoned (-2 -> -70)
A: retaliatory headbutt, horns 2
a: Heroism, Renounce Religion


You were on level 10 of the Dungeon.
You worshipped Okawaru.
Okawaru was greatly pleased with you.
You were not hungry.

You visited 2 branches of the dungeon, and saw 11 of its levels.

You collected 583 gold pieces.

Inventory:

Hand Weapons
 a - a +1 short sword of venom (weapon)
 b - a +3 spear of piercing
 v - a +0 shortbow
Missiles
 p - 162 arrows
Armour
 c - a +0 shield (worn)
 t - a +1 cloak of magic resistance (worn)
 N - a +0 plate armour (worn)
Jewellery
 z - a +2 ring of evasion (left hand)
 A - a +4 ring of protection (right hand)
Wands
 G - a wand of lightning (7/15)
 L - a wand of acid (1/15)
Scrolls
 e - 4 scrolls of remove curse {unknown}
 h - a scroll of recharging {unknown}
 j - 7 scrolls of amnesia {unknown}
 k - 3 scrolls of enchant weapon {unknown}
 l - 4 scrolls of teleportation {unknown}
 n - 4 scrolls of fear {unknown}
 q - 10 scrolls of identify {unknown}
 r - 2 scrolls of noise {unknown}
 y - 3 scrolls of magic mapping {unknown}
 B - 2 scrolls of enchant armour {unknown}
 F - 2 scrolls of immolation {unknown}
Potions
 d - 5 potions of might
 g - 2 potions of ambrosia {unknown}
 i - 5 potions of curing {unknown}
 m - a potion of brilliance {unknown}
 o - 2 potions of cancellation {unknown}
 s - 3 potions of heal wounds {unknown}
 C - a potion of haste {unknown}
 D - 2 potions of degeneration {unknown}
 H - a potion of agility {unknown}
 I - 2 potions of berserk rage {unknown}
 J - a potion of magic {unknown}
 K - a potion of flight {unknown}
 M - a potion of mutation {unknown}
Comestibles
 f - 17 bread rations {@e1}
 w - 6 meat rations {@e2}
 x - 9 beef jerkies
 E - 8 fruits
 O - a slice of pizza


   Skills:
 - Level 12.1 Fighting
   Level 2.4 Long Blades
 + Level 11.6 Bows
 - Level 3.6 Armour
 - Level 3.6 Shields
 + Level 8.0 Invocations


You had 9 spell levels left.
You didn't know any spells.

Dungeon Overview and Level Annotations

Branches:
Dungeon (10/15)            Temple (1/1) D:6
   Lair: D:8-11         Orc: D:9-12

Altars:
Ashenzari
Cheibriados
Dithmenos
Elyvilon
Fedhas
Gozag
Kikubaaqudgha
Nemelex Xobeh
Okawaru
Sif Muna
Trog
Uskayaw
Xom
Yredelemnul
The Shining One

Shops:
D:4 (:[   D:6 }


Innate Abilities, Weirdness & Mutations

You reflexively headbutt those who attack you in melee.
You have a pair of horns on your head.


Message History

Something hits you but does no damage.
You are more poisoned.
You take 6 damage, and have 16/97 hp.
Your shield and plate armour prevent you from hitting something.
Your headbutt misses something.
* * * LOW HITPOINT WARNING * * *
You feel extremely sick. Something hits you but does no damage.
You are more poisoned.
You take 6 damage, and have 10/97 hp.
Your shield and plate armour prevent you from hitting something.
* * * LOW HITPOINT WARNING * * *
You feel very sick. Something completely misses you.
You take 6 damage, and have 4/97 hp.
You hit something. Okawaru accepts your kill.
Reactivating autopickup.
You feel a bit more experienced.
You die...

▒▒▒ ▒▒▒▒▒ ▒·· ▒ ▒···▒▒
▒·▒ ·▒ ·····▒▒▒▒▒▒ ▒·▒ ··
··········▒ ▒·▒ ··
·(···▒▒▒▒·▒ ▒·▒ ·▒▒
▒···▒▒▒▒▒·▒▒▒▒▒)▒▒▒···▒▒▒
▒▒((·(·····)()((@))······
▒(▒▒▒▒▒▒·▒▒▒▒▒▒)▒▒···▒▒▒
▒(▒ ▒·▒ ▒·▒ ·▒▒ ▒·▒ ▒·▒
▒·▒ ▒ ▒·▒ ▒·▒ ▒·▒ ▒·▒ ▒·▒
▒·▒ ▒·▒ ▒·· ··▒ ▒·▒ ···
··· ▒▒·▒▒


There were no monsters in sight!

Vanquished Creatures
  3 hill giants (D:10)
  A hornet (D:8)
  2 hippogriffs
  5 yaks (D:10)
  2 wyverns
  Grum (D:9)
  A black bear (D:10)
  2 orc warriors (D:9)
  4 sky beasts
  2 ice beasts
  4 ogres
  2 phantoms
  2 centaurs (D:7)
  4 wolves (D:9)
  A big kobold (D:10)
  A crocodile (D:9)
  3 bullfrogs
  A gnoll sergeant (D:7)
  A wyvern skeleton (D:8)
  5 scorpions
  A water moccasin skeleton (D:9)
  3 crimson imps
  2 bullfrog zombies
  5 hounds
  4 jellies
  A quasit (D:5)
  4 orc priests
  Crazy Yiuf (D:3)
  11 orc wizards
  Jessica (D:2)
  Natasha (thrice) (D:2)
  7 worker ants
  5 adders
  4 gnolls (D:7)
  2 shadow imps
  4 oozes
  An adder skeleton (D:4)
  An adder zombie (D:9)
  4 worms
  2 dart slugs (D:3)
  3 leopard geckos
  38 orcs
  A ball python (D:4)
  9 bats
  5 giant cockroaches
  12 goblins
  7 hobgoblins
  9 jackals
  8 quokkas
  5 frilled lizards
  9 kobolds
  A leopard gecko zombie (D:5)
  A quokka skeleton (D:5)
  7 rats
228 creatures vanquished.

Notes
Turn   | Place    | Note
-------+----------+-------------------------------------------
     0 | D:1      | Azzok the Minotaur Fighter began the quest for the Orb.
     0 | D:1      | Reached XP level 1. HP: 19/19 MP: 0/0
   122 | D:1      | Reached skill level 4 in Fighting
   122 | D:1      | Reached XP level 2. HP: 19/27 MP: 1/1
   405 | D:1      | Reached skill level 5 in Fighting
  1141 | D:2      | Noticed Jessica
  1153 | D:2      | Reached XP level 3. HP: 29/36 MP: 2/2
  1154 | D:2      | Killed Jessica
  1364 | D:2      | Noticed Natasha
  1373 | D:2      | Killed Natasha
  1373 | D:2      | Reached skill level 6 in Fighting
  1373 | D:2      | Reached XP level 4. HP: 35/44 MP: 3/3
  1421 | D:2      | Noticed Natasha
  1427 | D:2      | Killed Natasha
  1518 | D:2      | Noticed Natasha
  1523 | D:2      | Killed Natasha
  1523 | D:2      | Reached skill level 7 in Fighting
  1523 | D:2      | Reached XP level 5. HP: 34/52 MP: 4/4
  2052 | D:3      | Found a blossoming altar of Fedhas.
  2522 | D:3      | Reached skill level 8 in Fighting
  2919 | D:3      | Found a runed door.
  2978 | D:3      | Noticed Crazy Yiuf
  2985 | D:3      | Killed Crazy Yiuf
  2985 | D:3      | Reached XP level 6. HP: 20/61 MP: 5/5
  3247 | D:4      | Found Deafao's Antique Weapon Emporium.
  3446 | D:4      | Reached skill level 9 in Fighting
  3462 | D:4      | Found Idipakh's Antique Armour Shoppe.
  3592 | D:4      | Found Vymoley's Book Shoppe.
  3643 | D:4      | Reached skill level 1 in Bows
  3845 | D:5      | Entered Level 5 of the Dungeon
  3918 | D:5      | Reached XP level 7. HP: 65/70 MP: 6/6
  5065 | D:6      | Found a faded altar of an unknown god.
  5067 | D:6      | Found a staircase to the Ecumenical Temple.
  5130 | D:6      | Reached skill level 10 in Fighting
  5177 | Temple   | Entered the Ecumenical Temple
  5206 | Temple   | Became a worshipper of Warmaster Okawaru
  5452 | D:6      | Found Wusuve's Gadget Boutique.
  5771 | D:7      | Reached XP level 8. HP: 57/80 MP: 7/7
  5917 | D:7      | Reached skill level 5 in Bows
  6044 | D:7      | Noticed a hippogriff
  6054 | D:7      | Killed a hippogriff
  6054 | D:7      | Reached * piety under Okawaru
  6054 | D:7      | Reached skill level 11 in Fighting
  7491 | D:8      | Reached XP level 9. HP: 68/90 MP: 8/8
  7743 | D:8      | Paralysed by a hornet for 3 turns
  7747 | D:8      | Reached ** piety under Okawaru
  7747 | D:8      | Reached skill level 12 in Fighting
  7786 | D:8      | Found a glowing golden altar of the Shining One.
  8104 | D:8      | Reached skill level 1 in Invocations
  9113 | D:9      | Noticed Grum
  9143 | D:9      | Killed Grum
  9143 | D:9      | Reached *** piety under Okawaru
  9654 | D:9      | Reached skill level 5 in Invocations
  9654 | D:9      | Reached XP level 10. HP: 61/97 MP: 12/12
  9836 | D:10     | Entered Level 10 of the Dungeon
  9877 | D:10     | Reached skill level 10 in Bows
 10188 | D:10     | Reached **** piety under Okawaru
 10196 | D:10     | Noticed a hill giant
 10600 | D:10     | Noticed a hill giant
 10615 | D:10     | Killed a hill giant
 10642 | D:10     | Noticed a hill giant
 10651 | D:10     | Killed a hill giant
 10921 | D:10     | Killed a hill giant
 11296 | D:10     | HP: 4/97 [poisoned by an orc wizard]
 11297 | D:10     | Succumbed to an orc wizard's poison

Skill      XL: |  1  2  3  4  5  6  7  8  9 10 |
---------------+-------------------------------+-----
Fighting       | 4 5 6 7 8 9 10 11 12 | 12.1
Bows           | 1 4 7 9 11 | 11.6
Invocations    | 5 8 |  8.0
Long Blades    | |  2.4
Armour         | |  3.6
Shields        | |  3.6

Action                   |  1- 3 |  4- 6 |  7- 9 | 10-12 || total
-------------------------+-------+-------+-------+-------++-------
Melee: Long sword        |    59 |   138 |       |       ||   197
       Headbutt          |     8 |    33 |    90 |    53 ||   184
       War axe           |       |    13 |       |       ||    13
       Spear             |       |     6 |    57 |     7 ||    70
       Short sword       |       |       |   327 |   204 ||   531
Invok: Heroism           |       |       |     1 |     3 ||     4
Evoke: Wand              |       |       |     3 |       ||     3
  Eat: Chunk             |     1 |     9 |    18 |     6 ||    34
Armor: Scale mail        |    24 |    49 |   116 |       ||   189
       Plate armour      |       |       |    62 |   123 ||   185
Dodge: Dodged            |    16 |    41 |    77 |    37 ||   171
Block: Shield            |    24 |    81 |   178 |    97 ||   380
       Rpst.: Long sword |     3 |    15 |       |       ||    18
